 Dungeon Crawl Stone Soup version 0.28.0-43-g3370ac3207 (webtiles) character file.

Game seed: 13724506654816565464

101692 Jerry the Bludgeoner (level 15, -10/146 HPs)
             Began as a Troll Hunter on Mar 4, 2022.
             Was an Elder of Jiyva.
             Mangled by a spark wasp (15 damage)
             ... created by the adversity of Qazlal
             ... on level 15 of the Dungeon on Mar 6, 2022.
             The game lasted 02:00:01 (20912 turns).

Jerry the Bludgeoner (Troll Hunter)                Turns: 20912, Time: 02:00:02

Health: -10/146    AC: 10    Str: 26    XL:     15   Next: 84%
Magic:  14/14      EV: 18    Int:  9    God:    Jiyva [****..]
Gold:   2771       SH:  0    Dex: 12    Spells: 14/14 levels left

rFire   + + .      SeeInvis .   c - +8 dire flail (protect)
rCold   + . .      Faith    .   (shield currently unavailable)
rNeg    . . .      Spirit   .   g - +1 troll leather armour
rPois   .          Reflect  .   C - +2 hat
rElec   .          Harm     .   a - scarf {rC+ rF+}
rCorr   +          Rampage  .   (gloves unavailable)
Will    +....                   (boots unavailable)
Stlth   ++........              (no amulet)
HPRegen 3.22/turn               f - +4 ring of evasion
MPRegen 0.54/turn               o - ring of protection from fire

@: invisible
A: large, unfitting armour, claws 3, regeneration 1, shaggy fur 1, tough skin 1,
translucent skin 3, jelly absorbing missiles
a: Renounce Religion, Oozemancy, Slimify


You were on level 15 of the Dungeon.
You worshipped Jiyva.
Jiyva was greatly pleased with you.
You visited 5 branches of the dungeon, and saw 25 of its levels.
You also visited: Ice Cave.

You collected 2804 gold pieces.
You spent 33 gold pieces at shops.

Inventory:

Hand Weapons
 c - a +8 dire flail of protection (weapon)
 z - a +2 whip of electrocution
 I - the +2 dire flail "Tiunar" {elec, rCorr Stlth+}
   (You took it off a two-headed ogre on level 11 of the Dungeon)

   It occasionally discharges a powerful burst of electricity upon striking a
   foe.
   rCorr:     It protects you from acid and corrosion.
   Stlth:     It makes you more stealthy.
 R - the +6 rapier of Zuin {pain, +Blink rElec Dex-3 SInv}
   (You took it off an orc on level 12 of the Dungeon)

   In the hands of one skilled in necromantic magic, it inflicts extra damage on
   living creatures.
   Dex:       It affects your dexterity (-3).
   rElec:     It insulates you from electricity.
   SInv:      It lets you see invisible.
   +Blink:    It lets you blink.
Missiles
 k - a throwing net
 B - 27 large rocks (quivered)
Armour
 a - a scarf of resistance (worn)
 g - a +1 troll leather armour (worn)
 C - a +2 hat (worn)
Jewellery
 f - a +4 ring of evasion (left claw)
 o - a ring of protection from fire (right claw)
 E - a ring of wizardry
 O - a ring of ice
Wands
 j - a wand of polymorph (4)
 n - a wand of charming (12)
 q - a wand of paralysis (19)
 x - a wand of flame (18)
 A - a wand of iceblast (12)
 D - a wand of acid (8)
Scrolls
 b - 2 scrolls of blinking
 d - 2 scrolls of fog
 l - a scroll of magic mapping {unknown}
 G - 7 scrolls of identify
 H - 2 scrolls of immolation {unknown}
 J - a scroll of amnesia
 M - a scroll of acquirement {unknown}
 P - a scroll of enchant weapon {unknown}
Potions
 e - 2 potions of heal wounds
 h - 2 potions of flight
 m - 3 potions of ambrosia
 p - a potion of magic
 r - a potion of resistance {unknown}
 s - a potion of might {unknown}
 t - 9 potions of curing
 v - a potion of invisibility
 w - 6 potions of brilliance
 F - 2 potions of haste {unknown}
 K - a potion of attraction {unknown}
 L - a potion of berserk rage
 N - 2 potions of mutation {unknown}
Miscellaneous
 i - a box of beasts
 Q - a condenser vane
 S - a lightning rod (4/4)


   Skills:
 + Level 9.2 Fighting
 - Level 15.2 Maces & Flails
 + Level 9.7 Throwing
 - Level 9.9 Armour
 + Level 12.5 Dodging
 - Level 1.1 Stealth
 + Level 4.1 Unarmed Combat


You had 14 spell levels left.
You didn't know any spells.
Your spell library contained the following spells:

 Spells                   Type           Power      Damage    Failure   Level
 Animate Skeleton         Necr           0%         N/A       41%         1
 Magic Dart               Conj           0%         1d3       41%         1
 Sting                    Tmut/Pois      0%         1d3       41%         1
 Summon Small Mammal      Summ           0%         N/A       41%         1
 Call Imp                 Summ           0%         N/A       56%         2
 Ensorcelled Hibernation  Hex/Ice        0%         N/A       56%         2
 Passwall                 Tmut/Erth      0%         N/A       56%         2
 Poisonous Vapours        Pois/Air       0%         N/A       56%         2
 Scorch                   Fire           0%         2d5       56%         2
 Call Canine Familiar     Summ           0%         N/A       80%         3
 Ignite Poison            Fire/Tmut/Pois 0%         N/A       80%         3
 Mephitic Cloud           Conj/Pois/Air  0%         N/A       80%         3
 Portal Projectile        Hex/Tloc       0%         N/A       80%         3
 Summon Guardian Golem    Hex/Summ       0%         N/A       80%         3
 Swiftness                Air            0%         N/A       80%         3
 Flame Wave               Conj/Fire      0%         2d4       99%         4
 Hailstorm                Conj/Ice       0%         3d3       99%         4
 Ice Form                 Ice/Tmut       0%         N/A       99%         4
 Olgreb's Toxic Radiance  Pois           0%         N/A       99%         4
 Petrify                  Tmut/Erth      0%         N/A       99%         4
 Summon Lightning Spire   Summ/Air       0%         N/A       99%         4
 Blade Hands              Tmut           0%         N/A       100%        5
 Excruciating Wounds      Necr           0%         N/A       100%        5
 Freezing Cloud           Conj/Ice/Air   0%         6-21      100%        5
 Metabolic Englaciation   Hex/Ice        0%         N/A       100%        5
 Simulacrum               Ice/Necr       0%         N/A       100%        6
 Statue Form              Tmut/Erth      0%         N/A       100%        6
 Summon Cactus Giant      Summ           0%         N/A       100%        6
 Storm Form               Tmut/Air       0%         N/A       100%        7
 Maxwell's Capacitive Co  Air            0%         ∞         100%        8


Dungeon Overview and Level Annotations

Branches:
Dungeon (15/15)            Temple (1/1) D:5            Lair (6/6) D:11
  Swamp (0/4) Lair:2       Spider (0/4) Lair:4        Slime (1/5) Lair:5
    Orc (2/2) D:10            Elf (0/3) Orc:2        Vaults (0/5) D:13
  IceCv (visited)
 Depths: D:15

Altars:
Ashenzari
Cheibriados
Dithmenos
Elyvilon
Gozag
Kikubaaqudgha
Makhleb
Nemelex Xobeh
Okawaru
Qazlal
Ru
Sif Muna
Trog
Uskayaw
Vehumet
Wu Jian
Xom
Zin
The Shining One
Beogh
Jiyva

Shops:
Orc:2 [!(::!*

Portals:
Pandemonium: Orc:2


Innate Abilities, Weirdness & Mutations

You are too large for most types of armour.
You have claws for hands.
Your natural rate of healing is unusually fast.
You are covered in fur. (AC +1)
You have tough skin. (AC +1)
Your transparent skin significantly reduces your foes' accuracy. (Stealth+)
You have a small jelly attached to you that may absorb projectiles.


Message History

a +0 shortbow; a centaur corpse No target in view!
Found an escape hatch in the ceiling.
You can now turn your foes to slime.
Qazlal causes a mighty clap of thunder!
Qazlal incites the elements against you!
A fire dragon, a lindwurm and a spark wasp come into view.
You hear a shout! x3; You hear a screech!
You hear a deafening roar!
You hear an angry hiss.
You hear a deafening roar!
You hear a horrible gurgling sound!
The lindwurm breathes flames at you. The blast of flame hits you. You resist.
The spark wasp bursts into living lightning!
The living lightning hits you!!
The spark wasp blinks!
The spark wasp stings you! The spark wasp shocks you!
You barely miss the spark wasp. The spark wasp stings you!
The spark wasp shocks you!
You are too injured to fight recklessly!
You are too injured to fight recklessly!
You are too injured to fight recklessly!
You miss the spark wasp. The spark wasp stings you! The spark wasp shocks you!
You closely miss the spark wasp. The spark wasp stings you!
* * * LOW HITPOINT WARNING * * *
The spark wasp shocks you!
* * * LOW HITPOINT WARNING * * *
You feel much better. The spark wasp completely misses you.
You hear a series of splatters.
You fade into invisibility!
The spark wasp barely misses you.
The lindwurm bites you but does no damage.
The lindwurm misses you.
The lindwurm claws you but does no damage.
The spark wasp stings you!
* * * LOW HITPOINT WARNING * * *
The spark wasp shocks you!
* * * LOW HITPOINT WARNING * * *
The spark wasp stings you!!
* * * LOW HITPOINT WARNING * * *
The spark wasp shocks you!
You die...

............#
............
...........
..........
......<# ##...#
.# ###..# ...
###..###
#...###@kD##
#.....y###
##......#####
###.........###
#.............#
..............##
..##..........#
## #.........##
#.........#


You could see a fire dragon, a spark wasp and a lindwurm.

Vanquished Creatures
  Gastronok (D:9)
  Kirke (Lair:6)
  Roxanne (D:14)
  Snorg (Lair:5)
  The ghost of Tinylith the Severer, a journeyman MiBe of Trog (D:10)
  4 ice dragons
  3 boulder beetles
  4 centaur warriors
  9 hydras
  2 vault guards (D:13)
  2 demonspawn (Orc:2)
  Erolcha (Orc:1)
  2 ironbound frosthearts (IceCv)
  A catoblepas (Lair:6)
  A death knight (D:12)
  8 death yaks
  10 two-headed ogres
  The ghost of Cykl0x the Geomancer, a journeyman GrEE of Vehumet (D:11)
  5 orc high priests
  A deep elf knight (D:13)
  A fire crab (Lair:4)
  A goliath frog (Lair:6)
  5 skeletal warriors (D:13)
  A wizard (D:13)
  Pikel (D:1)
  8 orc sorcerers
  9 orc knights
  6 ugly things (D:14)
  5 cyclopes
  An ice statue (IceCv)
  2 manticores
  5 black mambas
  3 torpor snails
  19 cane toads
  10 elephants
  2 gargoyles
  A smoke demon (Orc:2)
  5 komodo dragons
  A hellwing (Orc:2)
  A yaktaur (D:13)
  4 kobold demonologists
  A freezing wraith (D:12)
  6 rime drakes
  18 polar bears
  Prince Ribbit (D:9)
  2 trolls
  A hornet (D:8)
  13 blink frogs
  5 tyrant leeches
  7 dream sheep
  28 yaks
  2 humans
  3 basilisks
  3 shadows
  A vampire (D:12)
  4 hogs (Lair:6)
  6 wraiths
  5 wyverns
  A neqoxec (Orc:2)
  A fire elemental (D:13)
  7 vampire mosquitoes
  A warg (D:10)
  14 water moccasins
  15 two-headed ogre zombies (Orc:1)
  Edmund (D:5)
  35 orc warriors
  6 black bears
  3 ice beasts
  3 sky beasts
  7 ogres
  30 wolves
  7 centaurs
  A necrophage (D:6)
  A lemure (D:3)
  15 bullfrogs
  9 kobold brigands
  7 scorpions
  A wyvern zombie (D:6)
  A troll zombie (D:10)
  14 killer bees
  3 wights (D:10)
  2 howler monkeys (D:7)
  4 electric eels
  3 lava snakes (Lair:1)
  A bullfrog zombie (D:6)
  2 jellies (D:6)
  4 centaur zombies
  28 orc priests
  4 hounds
  4 centaur skeletons
  An iguana (D:6)
  7 hell rats
  22 orc wizards
  Ijyb (D:3)
  Terence (D:3)
  7 ogre zombies (D:10)
  A hound skeleton (D:4)
  4 adders
  3 gnolls (D:4)
  2 white imps
  3 ufetubi
  An adder skeleton (D:5)
  2 worms
  84 orcs
  6 ball pythons
  2 bats
  9 endoplasms
  9 giant cockroaches
  5 goblins
  6 hobgoblins
  10 jackals
  10 kobolds
  7 quokkas (D:4)
  7 frilled lizards
  A goblin skeleton (D:10)
  2 goblin zombies (D:10)
  2 hobgoblin zombies (D:10)
  3 orc skeletons (D:10)
  17 orc zombies (D:10)
  5 rats
731 creatures vanquished.

Vanquished Creatures (others)
  2 two-headed ogres
  An ugly thing (D:13)
  A deep elf pyromancer (D:12)
  2 cyclopes
  A manticore (D:13)
  A kobold demonologist (D:14)
  A tengu conjurer (D:13)
  6 slime creatures
  A wraith (D:13)
  A wolf (IceCv)
  A centaur (D:15)
  An electric eel (Lair:1)
  35 jellies
  An orc (Orc:2)
  11 fungi
  67 plants
133 creatures vanquished.

Grand Total: 864 creatures vanquished

Notes
Turn   | Place    | Note
-------+----------+-------------------------------------------
     0 | D:1      | Jerry the Troll Hunter began the quest for the Orb.
     0 | D:1      | Reached XP level 1. HP: 19/19 MP: 0/0
   194 | D:1      | Reached XP level 2. HP: 27/28 MP: 1/1
   321 | D:1      | Found a faded altar of an unknown god.
   324 | D:1      | Prayed at the altar of an unknown god.
   324 | D:1      | Became a worshipper of Qazlal Stormbringer
   324 | D:1      | Reached * piety under Qazlal
  1051 | D:1      | Reached XP level 3. HP: 35/35 MP: 2/2
  1420 | D:2      | Reached ** piety under Qazlal
  1825 | D:3      | Reached XP level 4. HP: 42/42 MP: 3/3
  1859 | D:3      | Reached skill level 1 in Maces & Flails
  1955 | D:3      | Noticed Terence
  1977 | D:3      | Killed Terence
  2074 | D:3      | Found a sacrificial altar of Ru.
  2234 | D:3      | Reached XP level 5. HP: 50/50 MP: 4/4
  2380 | D:3      | Noticed Ijyb
  2381 | D:3      | Paralysed by Ijyb for 7 turns
  2448 | D:3      | Killed Ijyb
  2553 | D:4      | Noticed a lemure
  2648 | D:4      | Noticed Pikel
  2655 | D:4      | Noticed a lemure
  2807 | D:3      | Killed a lemure
  2888 | D:1      | Killed Pikel
  2889 | D:1      | Reached skill level 3 in Maces & Flails
  2889 | D:1      | Reached skill level 5 in Throwing
  2889 | D:1      | Reached XP level 6. HP: 59/61 MP: 5/5
  2889 | D:1      | Reached XP level 7. HP: 65/67 MP: 6/6
  3691 | D:4      | Found a stormy altar of Qazlal.
  3820 | D:5      | Entered Level 5 of the Dungeon
  3835 | D:5      | Noticed a troll
  3962 | D:5      | Reached XP level 8. HP: 78/78 MP: 7/7
  4103 | D:5      | Noticed Edmund
  4169 | D:5      | Killed Edmund
  4170 | D:5      | Reached skill level 4 in Maces & Flails
  4231 | D:5      | Found a staircase to the Ecumenical Temple.
  4439 | D:5      | Killed a troll
  4440 | D:5      | Reached skill level 5 in Maces & Flails
  4612 | D:5      | Reached *** piety under Qazlal
  4763 | D:5      | Reached skill level 1 in Armour
  4853 | Temple   | Entered the Ecumenical Temple
  4966 | D:6      | Reached skill level 6 in Maces & Flails
  5092 | D:6      | Reached XP level 9. HP: 84/84 MP: 8/8
  5169 | D:6      | Reached skill level 7 in Maces & Flails
  5535 | D:6      | Identified the +1 robe "Guread" {Str+7 Int-5}
  5752 | D:7      | Reached skill level 5 in Dodging
  5815 | D:7      | Found a sparkling altar of Nemelex Xobeh.
  5825 | D:7      | Reached skill level 8 in Maces & Flails
  6104 | D:7      | Found a hide-covered altar of Uskayaw.
  6521 | D:8      | Noticed a two-headed ogre
  6532 | D:8      | Reached XP level 10. HP: 58/92 MP: 9/9
  6581 | D:8      | Killed a two-headed ogre
  6582 | D:8      | Reached skill level 9 in Maces & Flails
  6883 | D:8      | You fall into a shaft and drop 2 floors!
  6883 | D:10     | Entered Level 10 of the Dungeon
  6895 | D:10     | Reached **** piety under Qazlal
  6905 | D:10     | Found a staircase to the Orcish Mines.
  6977 | D:10     | Reached skill level 5 in Armour
  7113 | D:10     | Found an ornate altar of the Wu Jian Council.
  7167 | D:10     | Found a runed translucent gate.
  7167 | D:10     | Found a runed translucent gate.
  7168 | D:10     | Found a runed translucent gate.
  7169 | D:10     | Noticed Tinylith's ghost (journeyman MiBe)
  7293 | D:10     | Reached skill level 10 in Maces & Flails
  7370 | D:9      | Noticed Prince Ribbit
  7372 | D:9      | Noticed a two-headed ogre
  7380 | D:9      | Killed Prince Ribbit
  7383 | D:9      | HP: 3/92 [two-headed ogre/+0 giant spiked club (14)]
  7384 | D:9      | Killed a two-headed ogre
  7407 | D:9      | Reached ***** piety under Qazlal
  7487 | D:9      | Reached XP level 11. HP: 93/98 MP: 10/10
  7587 | D:9      | Noticed Gastronok
  7612 | D:9      | Killed Gastronok
  7765 | D:9      | Found an ancient bone altar of Kikubaaqudgha.
  7770 | D:9      | Found a shimmering blue altar of Sif Muna.
  7771 | D:9      | Found a radiant altar of Vehumet.
  7774 | D:9      | Got Kikubaaqudgha's Papyrus of Unholy Arts
  7981 | D:9      | Found a glowing golden altar of the Shining One.
  8151 | D:10     | Reached skill level 11 in Maces & Flails
  8449 | D:11     | Noticed a five-headed hydra
  8462 | D:11     | Killed a five-headed hydra
  8512 | D:11     | Found a transporter.
  8513 | D:11     | Found a transporter.
  8513 | D:11     | Noticed a two-headed ogre
  8513 | D:11     | Noticed Cykl0x's ghost (journeyman GrEE)
  8516 | D:11     | Identified the +2 dire flail "Tiunar" {elec, rCorr Stlth+}
  8516 | D:11     | Noticed a two-headed ogre
  8517 | D:11     | Noticed a two-headed ogre
  8519 | D:11     | Noticed a two-headed ogre
  8524 | D:11     | Noticed a two-headed ogre
  8541 | D:11     | Noticed a two-headed ogre
  8626 | D:11     | Found a frozen archway.
  8626 | D:11     | Noticed an ice dragon
  8667 | D:11     | Killed an ice dragon
  8735 | IceCv    | Entered an ice cave
  8804 | IceCv    | Noticed a death yak
  8804 | IceCv    | Noticed a death yak
  8809 | IceCv    | Killed a death yak
  8814 | IceCv    | Killed a death yak
  8823 | IceCv    | Reached skill level 12 in Maces & Flails
  8993 | IceCv    | Reached XP level 12. HP: 107/107 MP: 11/11
  9145 | IceCv    | Noticed an ironbound frostheart
  9145 | IceCv    | Noticed a death yak
  9145 | IceCv    | Noticed an ironbound frostheart
  9145 | IceCv    | Noticed a death yak
  9153 | IceCv    | Killed a death yak
  9157 | IceCv    | Noticed a death yak
  9164 | IceCv    | Killed a death yak
  9171 | IceCv    | Killed an ironbound frostheart
  9194 | IceCv    | Killed a death yak
  9195 | IceCv    | Reached skill level 13 in Maces & Flails
  9205 | IceCv    | Killed an ironbound frostheart
  9296 | IceCv    | Identified the +5 rapier of Loismis {vorpal, Str-5 Int+3}
  9799 | Orc:1    | Entered Level 1 of the Orcish Mines
  9993 | D:10     | Reached ****** piety under Qazlal
 10391 | Orc:1    | Found a radiant altar of Vehumet.
 10529 | Orc:1    | Noticed Erolcha
 10533 | Orc:1    | Killed Erolcha
 10538 | Orc:1    | Paralysed by an orc sorcerer for 7 turns
 11153 | Orc:2    | Entered Level 2 of the Orcish Mines
 11153 | Orc:2    | Found Cuyd's Armour Emporium.
 11190 | Orc:2    | Paralysed by an orc sorcerer for 5 turns
 11200 | Orc:2    | Reached skill level 14 in Maces & Flails
 11203 | Orc:2    | Reached XP level 13. HP: 79/114 MP: 12/12
 11325 | Orc:2    | Found an iron altar of Okawaru.
 11441 | Orc:2    | Found Rytu's Book Shoppe.
 11583 | Orc:2    | Found Waperr's Distillery.
 11627 | Orc:2    | Found Fibloi's General Store.
 11732 | Orc:2    | Bought a potion of curing for 33 gold pieces
 11840 | Orc:2    | Paralysed by an orc sorcerer for 2 turns
 11845 | Orc:2    | Paralysed by an orc sorcerer for 2 turns
 11902 | Orc:2    | Paralysed by an orc sorcerer for 5 turns
 12059 | Orc:2    | Found a staircase to the Elven Halls.
 12063 | Orc:2    | Found Ymiphoa's Distillery.
 12509 | Orc:2    | Reached skill level 10 in Dodging
 12511 | Orc:2    | Found Edufa's Book Boutique.
 12511 | Orc:2    | Found a one-way gate leading to the halls of Pandemonium.
 12511 | Orc:2    | Found Hoyryitz's Antique Weapon Shop.
 12772 | D:10     | Killed Tinylith's ghost
 12789 | D:10     | Reached skill level 1 in Stealth
 13133 | D:11     | Reached skill level 15 in Maces & Flails
 13142 | D:11     | Reached skill level 5 in Fighting
 13248 | D:11     | Found a staircase to the Lair.
 13438 | D:11     | Killed Cykl0x's ghost
 13444 | D:11     | Reached XP level 14. HP: 92/127 MP: 13/13
 13589 | Lair:1   | Entered Level 1 of the Lair of Beasts
 14478 | Lair:2   | Found a staircase to the Swamp.
 16276 | Lair:4   | Found a hole to the Spider Nest.
 17124 | Lair:5   | You fall into a shaft and drop 1 floor!
 17124 | Lair:6   | Entered Level 6 of the Lair of Beasts
 17240 | Lair:6   | Reached XP level 15. HP: 143/143 MP: 14/14
 17356 | Lair:6   | Noticed Kirke
 17377 | Lair:6   | Killed Kirke
 17641 | Lair:5   | Noticed Snorg
 17668 | Lair:5   | Killed Snorg
 17905 | Lair:5   | Found a viscous altar of Jiyva.
 17905 | Lair:5   | Found a staircase to the Slime Pits.
 18297 | Lair:5   | Fell from the grace of Qazlal
 18297 | Lair:5   | Became a worshipper of Jiyva Jetoen the Shapeless
 18300 | Slime:1  | Entered Level 1 of the Pits of Slime
 18300 | Slime:1  | Noticed an acid blob
 18300 | Slime:1  | Noticed an acid blob
 18300 | Slime:1  | Noticed a rockslime
 18638 | D:12     | Identified the +6 rapier of Zuin {pain, +Blink rElec Dex-3
                  | SInv}
 18731 | D:12     | Reached skill level 1 in Unarmed Combat
 18848 | D:12     | Reached * piety under Jiyva
 19217 | D:13     | Reached ** piety under Jiyva
 19224 | D:13     | Found a radiant altar of Vehumet.
 19852 | D:13     | Found a gate to the Vaults.
 20173 | D:14     | Noticed Roxanne
 20232 | D:14     | Reached *** piety under Jiyva
 20373 | D:14     | Gained mutation: Your translucent skin slightly reduces
                  | your foes' accuracy. (Stealth+) [Jiyva's grace]
 20373 | D:14     | Gained mutation: Your translucent skin reduces your foes'
                  | accuracy. (Stealth+) [Jiyva's grace]
 20373 | D:14     | Gained mutation: Your transparent skin significantly
                  | reduces your foes' accuracy. (Stealth+) [Jiyva's grace]
 20373 | D:14     | Gained mutation: You have a small jelly attached to you
                  | that may absorb projectiles. [Jiyva's grace]
 20654 | D:14     | Killed Roxanne
 20684 | D:15     | Entered Level 15 of the Dungeon
 20902 | D:15     | Reached **** piety under Jiyva
 20912 | D:15     | HP: 5/146 [spark wasp[the adversity of Qazlal] (22)]
 20912 | D:15     | Mangled by a spark wasp

Illustrated notes

Levels and vault maps discovered:
D:1:      roderic_crop_circles_arrival_small, layout_loops_corners,
          chequers_ecumenical_altar_grove
D:2:      layout_rooms, grunt_ministairs_9, minmay_misc_feat_doors,
          chequers_serial_rivers_small_3
D:3:      layout_loops_ring, nicolae_ru_awakened_eye, uniq_ijyb, uniq_terence
D:4:      layout_loops_cross, nicolae_qazlal_eye_of_the_storm,
          gup_sewer_entry_pipe, minmay_statues_item, uniq_pikel
D:5:      layout_gridville, minmay_temple_entry_gardened_gates, uniq_edmund
D:6:      layout_loops_ring, minmay_starry_boxes
D:7:      layout_basic, nemelex_xobeh_ov_fountains_minmay,
          nicolae_overflow_hidden_temple
D:8:      layout_loops_ring, beargit_hepliaklqana_dungeon_heroes,
          gammafunk_temple_overflow_statue
D:9:      layout_rooms, grunt_temple_overflow_magic_moments,
          kennysheep_mini_moat, minivault_26, uniq_gastronok,
          uniq_prince_ribbit1
D:10:     layout_irregular_city, nzn_wu_jian_contemplation, zombieorc2_lemuel,
          gammafunk_ghost_nasty_kobolds
D:11:     layout_roguey, lair_entry_dummy,
          portal_ice_cave_entry_animals_and_master, gammafunk_ghost_smash
D:12:     layout_basic
D:13:     layout_rooms, grunt_vaults_entry_fortified, kennysheep_minor_cross,
          nicolae_vehumet_altar_sigil
D:14:     layout_big_octagon, uniq_roxanne
D:15:     grunt_enter_depths_hoard, layout_cave_pods,
          minmay_misc_feat_four_crosses, serial_column_ruins,
          column_ruins_square_small, column_ruins_hut_water,
          column_ruins_grid_2, column_ruins_columns_straight,
          column_ruins_columns_straight, argonaut_gorgonesque
Temple:   eino_temple_lava
Lair:1:   layout_loops_ring, nicolae_lair_liquid_snakes, serial_bayou_shore_b,
          serial_bayou_shore_b
Lair:2:   layout_gridlike, minmay_swamp_entry_worms
Lair:3:   beast_lair_carwin_large_1, layout_gridlike
Lair:4:   layout_cellular_growth, nicolae_spider_entry_non_spiders,
          lemuel_old_faithful, serial_bayou_shore_a, grunt_megastairs_3
Lair:5:   layout_regular_city, dpeg_slime_entry_enclosed_altar, serial_rivers,
          chequers_serial_rivers_micro_a, chequers_serial_rivers_marsh,
          chequers_serial_rivers_room_b, chequers_serial_rivers_room_b,
          uniq_snorg
Lair:6:   minmay_lair_end_frog_pond, layout_hall_layers, uniq_kirke
Slime:1:  layout_caves
Orc:1:    lemuel_ogre_cave, layout_diamond_mine, basic_altar,
          minmay_orc_temple_a
Orc:2:    pf_orc_diabolical, layout_caves, serial_shops,
          nicolae_shop_hallway_stairs, shop, nicolae_diamond_shop,
          okawaru_metal_pillars_3

Skill      XL: |  1  2  3  4  5  6  7  8  9 10 11 12 13 14 15 |
---------------+----------------------------------------------+-----
Dodging        | 2 3 4 5 6 8 9 10 11 12 | 12.5
Fighting       | 2 3 5 7 9 |  9.2
Throwing       | 4 5 8 9 |  9.7
Maces & Flails | 1 3 6 8 10 12 14 15 | 15.2
Armour         | 2 4 5 7 8 9 |  9.9
Stealth        | 1 |  1.1
Unarmed Combat | 4 |  4.1

Action                   |  1- 3 |  4- 6 |  7- 9 | 10-12 | 13-15 || total
-------------------------+-------+-------+-------+-------+-------++-------
Melee: Short sword       |   231 |    55 |       |       |       ||   286
       Punch             |     2 |     1 |     1 |       |       ||     4
       Whip              |       |   137 |   149 |       |       ||   286
       Dire flail        |       |       |   161 |   809 |  1559 ||  2529
Throw: Large rock        |       |    12 |    15 |    10 |       ||    37
       Throwing net      |       |     3 |     2 |     1 |       ||     6
  Use: Scroll            |       |     2 |    11 |     5 |     2 ||    20
       Potion            |       |       |     1 |     6 |     2 ||     9
 Stab: Sleeping          |     1 |       |       |       |       ||     1
       Held in net/web   |       |       |     1 |       |       ||     1
       Invisible         |       |       |       |     5 |       ||     5
Armor: Robe              |    62 |    19 |    42 |       |       ||   123
       Troll leather arm |       |       |    42 |   237 |   414 ||   693
       Skin              |       |       |    11 |       |       ||    11
Dodge: Dodged            |   118 |   113 |   204 |   407 |   919 ||  1761
       Repelled          |       |       |       |     5 |     9 ||    14
Block: Other             |     8 |    12 |    47 |   197 |   317 ||   581
